 Dungeon Crawl Stone Soup version 0.14.0-26-g1682e81 (webtiles) character file.

857 HunterOfWisdom the Grappler (level 7, -5/66 HPs)
             Began as a Troll Monk on Apr 27, 2014.
             Slain by a killer bee (6 damage)
             ... on Level 5 of the Dungeon.
             The game lasted 00:30:41 (3369 turns).

HunterOfWisdom the Grappler (Troll Monk)            Turns: 3369, Time: 00:30:41

HP  -5/66        AC  6     Str 20      XL: 7   Next: 11%
MP   3/3         EV 10     Int  6      God:
Gold 288         SH  0     Dex 14      Spells:  0 memorised,  6 levels left

rFire  . . .     SeeInvis .       - Unarmed
rCold  . . .     Clarity  .     a - +1 robe
rNeg   . . .     Conserve .     (shield restricted)
rPois  .         rCorr    .     (helmet restricted)
rElec  .         rRot     .     (no cloak)
SustAb . .       Spirit   .     (gloves unavailable)
rMut   .         Warding  .     (boots unavailable)
Gourm  +         Stasis   .     y - amulet of faith
MR     .....                    (no ring)
                                (no ring)

@: about to teleport, lethally poisoned, hasted, very quick, not resistant to
hostile enchantments, unstealthy
A: unfitting armour, claws 3, fast metabolism 3, gourmand, regeneration 2,
saprovore 2, shaggy fur 1, tough skin 2
a: no special abilities


You were on level 5 of the Dungeon.
You were very full.

You visited 1 branch of the dungeon, and saw 5 of its levels.

You collected 288 gold pieces.

Inventory:

Hand weapons
 E - a +0,+0 crossbow
 G - a +0,+0 giant spiked club
Missiles
 c - 4 needles of sleeping
 d - 9 arrows of flame
 f - 9 darts (quivered)
 A - 3 tomahawks
 F - 23 bolts
Armour
 a - a +1 robe (worn)
Magical devices
 o - a wand of teleportation (2)
Comestibles
 b - 3 meat rations
 k - 3 apples
 p - a choko
 r - 3 bread rations
 D - a sausage
Scrolls
 e - a scroll of immolation
 g - 5 scrolls of identify
 l - a scroll of random uselessness
 m - a scroll of enchant weapon II {unknown}
 s - a scroll of enchant weapon I
 x - 2 scrolls of teleportation
Jewellery
 i - an uncursed ring of teleportation
 y - an amulet of faith (around neck)
 B - an uncursed ring of fire
Potions
 h - 4 potions of might
 n - a potion of porridge
 q - a potion of heal wounds {unknown}
 t - a potion of berserk rage {unknown}
 u - a potion of poison {unknown}
 v - a potion of restore abilities {unknown}
 w - a potion of curing {unknown}
 z - a potion of agility {unknown}


   Skills:
 - Level 2.4 Fighting
 - Level 2.4 Dodging
 - Level 1.1 Stealth
 + Level 8.7 Unarmed Combat


You had 6 spell levels left.
You didn't know any spells.

Dungeon Overview and Level Annotations

Branches:
Dungeon (5/15)
 Temple: D:4-7

Altars:
Dithmenos


Innate Abilities, Weirdness & Mutations

You are too large for most types of armour.
You have claws for hands.
Your metabolism is lightning-fast.
You like to eat raw meat.
You heal very quickly.
You can eat rotten meat.
You are covered in fur (AC +1).
You have very tough skin (AC +2).


Message History

The killer bee closely misses you. The killer bee stings you.
Evoke which item? (* to show all) (? for menu, Esc to quit)
Zapping:
o - a wand of teleportation {zapped: 2}
Press: ? - help, Shift-Dir - straight line, f - you, p - killer bee You feel strangely unstable.
The killer bee stings you.
* * * LOW HITPOINT WARNING * * *
You are poisoned.
The killer bee poisons you! The killer bee stings you.
* * * LOW HITPOINT WARNING * * *
You are more poisoned.
The killer bee poisons you! The killer bee stings you!
* * * LOW HITPOINT WARNING * * *
The killer bee stings you but does no damage.
Drink which item? (? for menu, Esc to quit)
You feel yourself speed up.
It was a potion of haste.
* * * LOW HITPOINT WARNING * * *
You feel sick. The killer bee stings you.
* * * LOW HITPOINT WARNING * * *
The killer bee stings you.
You die...

#.............#.#
#...............####
#.)...............?#
#..................#
#...k(.((......#...#
#....(.(........# ##
#>....(.(>.....##
#..........k..#.#
#.......(..k@..##
#.............#.#
#...............#
#...............#
#...............#
#.............###
#.............#.#
#....<..........#
#...............#


You could see 2 killer bees.

Vanquished Creatures
  An ogre (D:4)
  3 killer bees (D:5)
  2 orc priests (D:5)
  3 worker ants
  2 orc wizards (D:5)
  Ijyb (D:3)
  6 adders
  3 worms
  An ooze (D:4)
  8 orcs
  2 giant cockroaches
  6 goblins
  12 hobgoblins
  9 jackals
  12 kobolds
  5 bats
  2 giant geckos
  4 giant newts
  12 rats
94 creatures vanquished.

Notes
Turn   | Place    | Note
--------------------------------------------------------------
     0 | D:1      | HunterOfWisdom, the Troll Monk, began the quest for the Orb.
     0 | D:1      | Reached XP level 1. HP: 22/22 MP: 1/1
   230 | D:1      | Reached XP level 2. HP: 29/29 MP: 1/1
   920 | D:2      | Reached skill level 5 in Unarmed Combat
   920 | D:2      | Reached XP level 3. HP: 36/36 MP: 2/2
  1751 | D:3      | Noticed Ijyb
  1757 | D:3      | Killed Ijyb
  1757 | D:3      | Reached XP level 4. HP: 39/44 MP: 2/2
  1817 | D:3      | Found a shadowy altar of Dithmenos.
  2068 | D:3      | Reached skill level 6 in Unarmed Combat
  2395 | D:4      | Reached XP level 5. HP: 38/50 MP: 2/2
  2901 | D:4      | Noticed an ogre
  2910 | D:4      | Killed an ogre
  2910 | D:4      | Reached skill level 7 in Unarmed Combat
  2910 | D:4      | Reached XP level 6. HP: 33/59 MP: 3/3
  2921 | D:5      | Entered Level 5 of the Dungeon
  3100 | D:5      | Reached skill level 8 in Unarmed Combat
  3360 | D:5      | Reached XP level 7. HP: 42/66 MP: 3/3
  3369 | D:5      | HP: 1/66 [killer bee (3)]
  3369 | D:5      | Slain by a killer bee

Action                   |  1- 3 |  4- 6 |  7- 9 || total
-------------------------+-------+-------+-------++-------
Melee: Unarmed           |    81 |   142 |     2 ||   225
Throw: Dart              |     2 |     1 |     1 ||     4
       Large rock        |       |     4 |     4 ||     8
Evoke: Wand              |     1 |     1 |     1 ||     3
  Use: Scroll            |     5 |     5 |       ||    10
       Potion            |       |       |     1 ||     1
 Stab: Sleeping          |       |     3 |       ||     3
